 Dungeon Crawl Stone Soup version 0.30-a0-930-gb9d0489357 (webtiles) character file.

Game seed: 17350232385755179012

137 ZappyNine the Covered (level 4, -2/38 HPs)
             Began as a Demigod Fighter on Mar 23, 2023.
             Killed from afar by Grinder (8 damage)
             ... with a puff of flame
             ... on level 3 of the Dungeon.
             The game lasted 00:02:00 (2034 turns).

ZappyNine the Covered (Demigod Fighter)             Turns: 2034, Time: 00:02:01

Health: -2/38      AC:  6    Str: 17    XL:     4   Next: 69%
Magic:  6/6        EV: 15    Int: 10    God:
Gold:   151        SH:  5    Dex: 17    Spells: 3/3 levels left

rFire   . . .      SeeInvis .    i - +1 dagger (drain)
rCold   . . .      Faith    .    c - +0 buckler
rNeg    . . .      Spirit   .    b - +0 scale mail
rPois   .          Reflect  .    (no helmet)
rElec   .          Rampage  .    (no cloak)
rCorr   .                        (no gloves)
Will    .....                    (no boots) Stlth
                                 (no amulet)
HPRegen 0.26/turn                l - +5 ring of evasion
MPRegen 0.10/turn                (no ring)

@: mighty
A: high MP 1, forlorn, divine attributes
a: no special abilities


You were on level 3 of the Dungeon.
You visited 1 branch of the dungeon, and saw 3 of its levels.

You collected 151 gold pieces.

Inventory:

Hand Weapons
 a - a +0 rapier
 i - a +1 dagger of draining (weapon)
Armour
 b - a +0 scale mail (worn)
 c - a +0 buckler (worn)
Jewellery
 l - a +5 ring of evasion (left hand)
 o - an amulet of magic regeneration
Scrolls
 g - a scroll of fear {unknown}
 h - a scroll of teleportation {unknown}
 j - a scroll of enchant weapon {unknown}
 k - a scroll of magic mapping {unknown}
 n - a scroll of fog {unknown}
 p - a scroll of blinking {unknown}
Potions
 e - 2 potions of curing {unknown}
 f - 2 potions of mutation {unknown}
 m - a potion of berserk rage {unknown}


   Skills:
 + Level 3.1 Fighting
 + Level 2.4 Short Blades
 + Level 3.2 Armour
 * Level 2.3 Dodging
 + Level 3.2 Shields


You had 3 spell levels left.
You didn't know any spells.
Your spell library was empty.

Dungeon Overview and Level Annotations

Branches:
Dungeon (3/15)

Annotations:
D:3 Grinder


Innate Abilities, Weirdness & Mutations

You have an increased reservoir of magic. (+10% MP)
You shall have no god before yourself.
Your divine heritage dramatically boosts your attributes as you level up.


Message History

You are too injured to fight recklessly!
You are too injured to fight recklessly!
You are too injured to fight recklessly!
You are too injured to fight recklessly!
You are too injured to fight recklessly!
You are too injured to fight recklessly!
You are too injured to fight recklessly!
You are too injured to fight recklessly!
You are too injured to fight recklessly!
You are too injured to fight recklessly!
You are too injured to fight recklessly!
You are too injured to fight recklessly!
You are too injured to fight recklessly!
You are too injured to fight recklessly!
You are too injured to fight recklessly!
You are too injured to fight recklessly!
You are too injured to fight recklessly!
You are too injured to fight recklessly!
You are too injured to fight recklessly!
You are too injured to fight recklessly!
You are too injured to fight recklessly!
Unknown command.
You feel very mighty all of a sudden. Grinder gestures at you.
You barely resist.
Grinder blinks!
Grinder gestures at you.
You suddenly lose the ability to move!
Grinder blinks!
Grinder zaps a wand.
The puff of flame hits you!
* * * LOW HITPOINT WARNING * * *
Grinder gestures at you. Pain shoots through your body!
* * * LOW HITPOINT WARNING * * *
You can move again.
Unknown command.
Unknown command.
Unknown command.
Grinder zaps a wand.
The puff of flame hits you!
You die...

#...!......# #?#
#..........#####..
#..).....!.##...
#..........##.#
#.............########
##....................
#.........)##.....####
#..........######.####
#....@.....# #....#
#...........# ####..
#........!..# ###
#.#..5.....##
#.##......## #
######## ###### ......
.#####


You could see Grinder.

Vanquished Creatures
  An orc priest (D:3)
  5 adders
  2 dart slugs (D:1)
  3 orcs
  5 ball pythons
  3 endoplasms
  A giant cockroach (D:2)
  3 hobgoblins (D:1)
  4 jackals (D:1)
  A quokka (D:3)
  5 bats
  4 frilled lizards
  9 goblins
  8 kobolds
  4 rats (D:1)
58 creatures vanquished.

Vanquished Creatures (others)
  8 plants
8 creatures vanquished.

Grand Total: 66 creatures vanquished

Notes
Turn   | Place    | Note
-------+----------+-------------------------------------------
     0 | D:1      | ZappyNine the Demigod Fighter began the quest for the Orb.
     0 | D:1      | Reached XP level 1. HP: 18/18 MP: 3/3
   180 | D:1      | Reached XP level 2. HP: 22/25 MP: 4/4
   226 | D:1      | Reached skill level 1 in Dodging
   651 | D:1      | Reached XP level 3. HP: 26/30 MP: 5/5
  1785 | D:2      | Reached XP level 4. HP: 34/38 MP: 6/6
  2008 | D:3      | Noticed Grinder
  2011 | D:3      | Paralysed by Grinder for 5 turns
  2029 | D:3      | Paralysed by Grinder for 5 turns
  2034 | D:3      | Killed from afar by Grinder

Illustrated notes

Levels and vault maps discovered:
D:1:      elethiomel_arrival_diamonds, layout_loops_corners,
          basic_ecumenical_altar, amcnicky_mini_corridor_feature, st_stairs_11,
          minmay_hedge_maze, kennysheep_boxes
D:2:      layout_loops_ring
D:3:      layout_rooms, elyvilon_altar_5, serial_bayou_ford_a, uniq_grinder

Skill      XL: |  1  2  3 |
---------------+----------+-----
Short Blades   | 2 |  2.4
Dodging        | 1 2 |  2.3
Armour         | 3 |  3.2
Fighting       | 3 |  3.1
Shields        | 3 |  3.2

Action                     |  1- 3 |  4- 6 || total
---------------------------+-------+-------++-------
  Melee: Rapier            |   110 |       ||   110
         Dagger            |    27 |    34 ||    61
    Use: Potion            |       |     1 ||     1
 Armour: Scale mail        |    56 |     8 ||    64
  Dodge: Dodged            |    59 |    19 ||    78
  Block: Buckler           |    27 |    10 ||    37

Table legend: (Time is in decaauts)
 A = Elapsed time spent in this place.
 B = Non-inter-level travel time spent in this place.
 C = Inter-level travel time spent in this place.
 D = Time resting spent in this place.
 E = Time spent auto-exploring this place.
 F = Levels seen in this place.
 G = Mean time per level.
                   A        B        C        D        E       F      G
               +--------+--------+--------+--------+--------+-----+--------+
         Total |   2045 |   2006 |     39 |     41 |   1574 |   3 |  681.7 |
       Dungeon |   2045 |   2006 |     39 |     41 |   1574 |   3 |  681.7 |
               +--------+--------+--------+--------+--------+-----+--------+

Top non-repeatable levels by time:
     D:1: 1096 daAuts
     D:2: 697 daAuts
     D:3: 251 daAuts
